 Dungeon Crawl Stone Soup version 0.28.0-43-g3370ac3207 (webtiles) character file.

Game seed: 11411367692495940999

37 Ablot the Grasshopper (level 3, -3/31 HPs)
             Began as a Gnoll Warper on Mar 6, 2022.
             Slain by Sigmund
             ... wielding a +2 scythe of venom
              (8 damage)
             ... on level 2 of the Dungeon.
             The game lasted 00:01:18 (769 turns).

Ablot the Grasshopper (Gnoll Warper)                 Turns: 769, Time: 00:01:20

Health: -3/31      AC:  5    Str: 12    XL:     3   Next: 41%
Magic:  9/9        EV: 12    Int: 12    God:
Gold:   31         SH:  0    Dex: 11    Spells: 10/12 levels left

rFire   . . .      SeeInvis .   a - +0 spear
rCold   . . .      Faith    .   (no shield)
rNeg    . . .      Spirit   .   b - +0 leather armour
rPois   .          Reflect  .   (no helmet)
rElec   .          Harm     .   (no cloak)
rCorr   .          Rampage  .   k - +0 pair of gloves
Will    .....                   h - +0 pair of boots
Stlth   +.........              (no amulet)
HPRegen 0.10/turn               (no ring)
MPRegen 0.11/turn               (no ring)

@: lethally poisoned (-3 -> -4)
A: fangs 1, strong nose, distributed training
a: no special abilities


You were on level 2 of the Dungeon.
You visited 1 branch of the dungeon, and saw 2 of its levels.

You collected 31 gold pieces.

Inventory:

Hand Weapons
 a - a +0 spear (weapon)
Missiles
 d - 5 boomerangs of dispersal (quivered)
 e - 3 stones
 i - 26 sling bullets
Armour
 b - a +0 leather armour (worn)
 h - a +0 pair of boots (worn)
 k - a +0 pair of gloves (worn)
Scrolls
 c - a scroll of blinking
 g - 2 scrolls of identify {unknown}
Potions
 f - a potion of heal wounds {unknown}
 j - a potion of curing {unknown}


   Skills:
 + Level 4.5 Fighting
 + Level 0.8 Short Blades
 + Level 0.8 Long Blades
 + Level 0.8 Axes
 + Level 0.8 Maces & Flails
 + Level 4.5 Polearms
 + Level 0.8 Staves
 + Level 0.8 Slings
 + Level 0.8 Bows
 + Level 0.8 Crossbows
 + Level 2.6 Throwing
 + Level 2.6 Armour
 + Level 4.5 Dodging
 + Level 0.8 Stealth
 + Level 0.8 Shields
 + Level 0.8 Unarmed Combat
 + Level 5.0 Spellcasting
 + Level 0.5 Conjurations
 + Level 0.5 Hexes
 + Level 0.5 Summonings
 + Level 0.5 Necromancy
 + Level 5.4 Translocations
 + Level 0.5 Transmutations
 + Level 0.5 Fire Magic
 + Level 0.5 Ice Magic
 + Level 0.5 Air Magic
 + Level 0.5 Earth Magic
 + Level 0.5 Poison Magic
 + Level 1.0 Invocations
 + Level 0.8 Evocations


You had 10 spell levels left.
You knew the following spells:

 Your Spells              Type           Power      Damage    Failure   Level
a - Blink                 Tloc           32%        N/A       4%          2

Your spell library contained the following spells:

 Spells                   Type           Power      Damage    Failure   Level
 Gell's Gravitas          Tloc           16%        N/A       9%          3
 Lesser Beckoning         Tloc           16%        N/A       9%          3
 Teleport Other           Tloc           16%        N/A       9%          3
 Manifold Assault         Tloc           16%        N/A       58%         5


Dungeon Overview and Level Annotations

Branches:
Dungeon (1/15)

Altars:
Qazlal

Annotations:
D:2 Jessica, Sigmund


Innate Abilities, Weirdness & Mutations

You have very sharp teeth.
Your uncanny sense of smell can sniff out nearby items.
Your experience applies equally to all skills.


Message History

You feel very sick. The jackal closely misses you.
You see here 9 gold pieces.
You bump into the rock wall.
You feel very sick.
Sigmund points at you and mumbles some strange words.
You resist with significant effort. The jackal barely misses you.
You bump into the rock wall.
You feel less confused.
You feel sick.
The jackal bites you but does no damage.
Sigmund barely misses you.
The jackal bites you but does no damage.
You hit the jackal.
The jackal is moderately wounded.
You feel sick. Sigmund misses you.
Found 11 gold pieces.
You feel sick. The jackal barely misses you.
The jackal bites you but does no damage. x2
You barely miss the jackal. You bite the jackal.
The jackal is moderately wounded.
You feel sick.
The jackal closely misses you. x2; The jackal bites you.
* * * LOW HITPOINT WARNING * * *
The jackal bites you but does no damage.
You closely miss the jackal.
The jackal is moderately wounded.
The jackal completely misses you. The jackal barely misses you.
The jackal closely misses you. The jackal misses you.
You barely miss the jackal.
The jackal is moderately wounded.
You feel sick.
The jackal bites you but does no damage.
The jackal closely misses you. The jackal barely misses you.
The jackal bites you but does no damage.
You barely miss the jackal.
The jackal is moderately wounded.
You feel sick.
The jackal bites you but does no damage.
The jackal closely misses you. x2
Sigmund hits you from afar with a +2 scythe of venom!
You die...

#. #.. .##.. ....## ..
....# .$.##...##
.....h. #>hh#
..###.#@# ... ..
.....@h$# ... ..
.######.## ... .##
#...# #....# #...#
#..#.# #...# #.....
#####...#####
#.#.###...........#
#...........)...#.....


You could see Sigmund and 4 jackals.

Vanquished Creatures
  2 adders (D:2)
  2 worms (D:2)
  An orc (D:2)
  2 endoplasms (D:1)
  4 hobgoblins (D:1)
  A kobold (D:1)
  A ball python (D:1)
  A rat (D:1)
14 creatures vanquished.

Notes
Turn   | Place    | Note
-------+----------+-------------------------------------------
     0 | D:1      | Ablot the Gnoll Warper began the quest for the Orb.
     0 | D:1      | Reached XP level 1. HP: 20/20 MP: 6/6
   185 | D:1      | Reached XP level 2. HP: 24/26 MP: 7/7
   188 | D:1      | Learned a level 2 spell: Blink
   264 | D:1      | You fall into a shaft and drop 1 floor!
   393 | D:2      | Noticed Jessica
   395 | D:2      | Reached skill level 5 in Spellcasting
   395 | D:2      | Reached XP level 3. HP: 4/31 MP: 7/9
   714 | D:2      | Found a stormy altar of Qazlal.
   746 | D:2      | Reached skill level 1 in Invocations
   758 | D:2      | Noticed Sigmund
   769 | D:2      | Slain by Sigmund

Illustrated notes

Levels and vault maps discovered:
D:1:      psy_arrival_dodecagon, layout_rooms
D:2:      layout_loops_cross, basic_altar, corexii_shack, nicolae_wormholes,
          uniq_sigmund, uniq_crazy_yiuf_cottage, uniq_jessica

Skill      XL: |  1  2  3 |
---------------+----------+-----
Spellcasting   | 5 |  5.0
Invocations    | 1 |  1.0
Fighting       | |  4.5
Short Blades   | |  0.8
Long Blades    | |  0.8
Axes           | |  0.8
Maces & Flails | |  0.8
Polearms       | |  4.5
Staves         | |  0.8
Slings         | |  0.8
Bows           | |  0.8
Crossbows      | |  0.8
Throwing       | |  2.6
Armour         | |  2.6
Dodging        | |  4.5
Stealth        | |  0.8
Shields        | |  0.8
Unarmed Combat | |  0.8
Conjurations   | |  0.5
Hexes          | |  0.5
Summonings     | |  0.5
Necromancy     | |  0.5
Translocations | |  5.4
Transmutations | |  0.5
Fire Magic     | |  0.5
Ice Magic      | |  0.5
Air Magic      | |  0.5
Earth Magic    | |  0.5
Poison Magic   | |  0.5
Evocations     | |  0.8

Action                   || total
-------------------------++-------
Melee: Spear             ||    89
       Bite              ||     8
       Punch             ||     1
Armor: Leather armour    ||    19
Dodge: Dodged            ||    46
